 Dungeon Crawl Stone Soup version 0.31-a0-233-g139696dc86 (webtiles) character file.

Game seed: 7892457301491220945

436 vineage the Fighter (level 7, -9/49 HPs)
             Began as a Gargoyle Fighter on July 9, 2023.
             Was an Initiate of Okawaru.
             Mangled by an ogre
             ... wielding a +0 giant club
              (20 damage)
             ... on level 3 of the Dungeon.
             The game lasted 00:03:34 (2342 turns).

vineage the Fighter (Gargoyle Fighter)              Turns: 2342, Time: 00:03:35

Health: -9/49      AC: 13    Str: 21    XL:     7   Next: 1%
Magic:  8/8        EV:  7    Int:  9    God:    Okawaru [......]
Gold:   99         SH:  5    Dex: 15    Spells: 6/6 levels left

rFire   + . .        d - +1 short sword (freeze)
rCold   . . .        c - +0 buckler
rNeg    + . .        i - +0 chain mail
rPois   ∞            (no helmet)
rElec   +            (no cloak)
rCorr   .            (no gloves)
SInv    .            (no boots)
Will    .....        h - amulet of regeneration Stlth
                     n - +6 ring of dexterity
HPRegen 1.08/turn    k - ring of protection from fire
MPRegen 0.11/turn

%: no passive effects
@: no status effects
A: sickness immunity, AC +4, negative energy resistance 1, electricity
resistance, torment resistance 1, petrification resistance
a: Renounce Religion


You were on level 3 of the Dungeon.
You worshipped Okawaru.
Okawaru was noncommittal.
You visited 1 branch of the dungeon, and saw 4 of its levels.

You collected 99 gold pieces.

Inventory:

Hand Weapons
 a - a +0 flail
 d - a +1 short sword of freezing (weapon)
Armour
 c - a +0 buckler (worn)
 i - a +0 chain mail (worn)
Jewellery
 h - an amulet of regeneration (around neck)
 k - a ring of protection from fire (right hand)
 n - a +6 ring of dexterity (left hand)
Scrolls
 e - a scroll of teleportation
 l - a scroll of vulnerability
 m - 3 scrolls of amnesia
 o - a scroll of poison
Potions
 f - a potion of resistance
 g - a potion of attraction
 p - a potion of curing {unknown}


   Skills:
 + Level 8.0 Fighting
 - Level 2.0 Maces & Flails
 - Level 3.2 Armour
 - Level 3.2 Shields
 + Level 2.3 Invocations


You had 6 spell levels left.
You didn't know any spells.
Your spell library contained the following spells:

 Spells                   Type           Power      Damage    Failure   Level
 Slow                     Hex            0%         N/A       98%         1
 Confusing Touch          Hex            0%         N/A       100%        3
 Vampiric Draining        Necr           0%         2d6       100%        3


Dungeon Overview and Level Annotations

Branches:
Dungeon (4/15)
 Temple: D:4-7

Altars:
Gozag
Okawaru


Innate Abilities, Weirdness & Mutations

You are immune to sickness and miasma.
Your stone body is resilient. (AC +4)
You are immune to poison.
You resist negative energy. (rN+)
You are resistant to electric shocks. (rElec)
You are resistant to unholy torment.
You are immune to petrification.


Message History

No target in view!
No target in view!
No target in view!
No target in view!
No target in view!
Found a stone staircase leading down.
Items here: )))) [ †††.
Search for what [? for help]? flail An ogre comes into view.
It is wielding a +0 giant club.
An ogre is nearby!
An ogre is nearby!
The ogre shouts!
Items here: )))) [ †††.
Okay, then.
Okay, then.
There is a stone staircase leading up here.
The ogre barely misses you.
You climb upwards.
There is a stone staircase leading down here.
You hit the ogre. You freeze the ogre.
The ogre is moderately wounded.
The ogre hits you with a +0 giant club!!
You feel much better.
You barely miss the ogre.
The ogre is moderately wounded.
The ogre hits you with a +0 giant club!
You barely miss the ogre.
The ogre is moderately wounded.
The ogre hits you with a +0 giant club!!
Ouch! That really hurt!
* * * LOW HITPOINT WARNING * * *
You barely miss the ogre.
The ogre is moderately wounded.
You hit the ogre. You freeze the ogre.
The ogre is moderately wounded.
You block the ogre's attack.
You completely miss the ogre.
The ogre is moderately wounded.
The ogre hits you with a +0 giant club!!
You die...

........# #######.#.######
##..#...# #............#
#...#.#######.##########.#######
##.#.#...........................
...#.#...≈≈≈≈.÷####.._..####..≈≈≈
####..#..........................
.........................#.######
.(..#.#####.##...O.......#.#
..#.............@........#.#
######.####....#########...##
######..# ##................#####
........## ##...######.....#.....
######.<.# ###.....#............
.## #...# ####............... ..#
##..# ##†............... #.#
#..#######..##.............
††#####..........###.............


You could see an ogre.

Vanquished Creatures
  Sigmund (D:2)
  A scorpion (D:4)
  A hound (D:3)
  An orc priest (D:4)
  An iguana (D:3)
  Terence (D:3)
  An adder (D:2)
  2 worms
  5 dart slugs
  4 orcs (D:4)
  4 ball pythons
  6 bats
  5 endoplasms
  2 giant cockroaches (D:1)
  11 goblins
  8 hobgoblins
  7 jackals
  3 quokkas
  A frilled lizard (D:3)
  7 kobolds
  5 rats
77 creatures vanquished.

Notes
Turn   | Place    | Note
-------+----------+-------------------------------------------
     0 | D:1      | vineage the Gargoyle Fighter began the quest for the Orb.
     0 | D:1      | Reached XP level 1. HP: 14/14 MP: 1/1
    66 | D:1      | Reached XP level 2. HP: 9/20 MP: 2/2
    84 | D:1      | Reached skill level 4 in Fighting
   237 | D:1      | Reached XP level 3. HP: 10/24 MP: 3/3
   301 | D:1      | Found a faded altar of an unknown god.
   800 | D:2      | Noticed Sigmund
   818 | D:2      | Killed Sigmund
   819 | D:2      | Reached skill level 6 in Fighting
   819 | D:2      | Reached XP level 4. HP: 21/32 MP: 4/4
   819 | D:2      | Reached XP level 5. HP: 24/37 MP: 5/5
  1126 | D:2      | Reached skill level 7 in Fighting
  1309 | D:2      | You fall into a shaft and drop 1 floor!
  1444 | D:3      | Reached XP level 6. HP: 44/44 MP: 6/6
  1619 | D:3      | Found an iron altar of Okawaru.
  1627 | D:3      | Became a worshipper of Warmaster Okawaru
  1790 | D:3      | Noticed Terence
  1830 | D:3      | Killed Terence
  1964 | D:3      | Found an opulent altar of Gozag.
  2014 | D:3      | Reached skill level 1 in Invocations
  2307 | D:4      | Reached XP level 7. HP: 30/48 MP: 8/8
  2314 | D:4      | Reached skill level 8 in Fighting
  2342 | D:3      | Mangled by an ogre

Illustrated notes

Levels and vault maps discovered:
D:1:      psy_arrival_radial01, layout_basic, dreamdust_ecumenical_altar_grove,
          minmay_pentomino_u4
D:2:      layout_loops_ring, uniq_sigmund
D:3:      kennysheep_the_goblin_king, layout_rooms,
          mainiacjoe_overflow_boulevard, mainiacjoe_overflow_cross_hatched,
          uniq_terence
D:4:      layout_loops_cross, nicolae_ru_the_path_less_chosen,
          nicolae_overflow_crystal_walls, minmay_temple_entry_ruins,
          hangedman_decor_clover_reticule, uniq_eustachio, uniq_edmund,
          uniq_blork_the_orc

Skill      XL: |  1  2  3  4  5  6  7 |
---------------+----------------------+-----
Fighting       | 4 6 7 8 |  8.0
Invocations    | 2 |  2.3
Maces & Flails | |  2.0
Armour         | |  3.2
Shields        | |  3.2

Action                     |  1- 3 |  4- 6 |  7- 9 || total
---------------------------+-------+-------+-------++-------
  Melee: Flail             |    95 |     4 |       ||    99
         Short sword       |       |   284 |    12 ||   296
    Use: Scroll            |     2 |     9 |       ||    11
         Potion            |     1 |     1 |     1 ||     3
 Armour: Scale mail        |    34 |       |       ||    34
         Chain mail        |    24 |   163 |       ||   187
  Dodge: Dodged            |    55 |   101 |     3 ||   159
  Block: Buckler           |    23 |    65 |     3 ||    91

Table legend: (Time is in decaauts)
 A = Elapsed time spent in this place.
 B = Non-inter-level travel time spent in this place.
 C = Inter-level travel time spent in this place.
 D = Time resting spent in this place.
 E = Time spent auto-exploring this place.
 F = Levels seen in this place.
 G = Mean time per level.
                   A        B        C        D        E       F      G
               +--------+--------+--------+--------+--------+-----+--------+
         Total |   2383 |   2267 |    116 |      0 |   1498 |   4 |  595.8 |
       Dungeon |   2383 |   2267 |    116 |      0 |   1498 |   4 |  595.8 |
               +--------+--------+--------+--------+--------+-----+--------+

Top non-repeatable levels by time:
     D:1: 819 daAuts
     D:3: 795 daAuts
     D:2: 669 daAuts
     D:4: 97 daAuts
